 Dungeon Crawl Stone Soup version 0.17.2-1-ge4368a0 (webtiles) character file.

84 daftwullie the Cudgeler (level 4, -3/45 HPs)
             Began as an Ogre Warper on Feb 11, 2017.
             Killed by divine providence
             ... invoked by an orc priest
              (9 damage)
             ... on level 3 of the Dungeon.
             The game lasted 00:15:23 (2143 turns).

daftwullie the Cudgeler (Ogre Warper)               Turns: 2143, Time: 00:15:23

Health: -3/45      AC:  4    Str: 16    XL:     4   Next: 46%
Magic:  13/17      EV: 10    Int: 13    God:
Gold:   80         SH:  0    Dex:  9    Spells: 3 memorised, 4 levels left

rFire  . . .     SeeInvis .     a - +0 mace
rCold  . . .     Clarity  .     b - +1 robe
rNeg   . . .     SustAt   .     (no shield)
rPois  .         Gourm    .     (helmet restricted)
rElec  .         Spirit   .     (no cloak)
rCorr  .         Warding  .     (gloves unavailable)
rMut   .         Stasis   .     (boots unavailable)
MR     .....                    (no amulet)
Stlth  +.........               (no ring)
                                n - ring of magical power

@: shrouded, very slightly contaminated, not resistant to hostile enchantments,
very unstealthy
A: unfitting armour, tough skin 1
a: no special abilities


You were on level 3 of the Dungeon.
You were hungry.

You visited 1 branch of the dungeon, and saw 3 of its levels.

You collected 80 gold pieces.

Inventory:

Hand Weapons
 a - a +0 mace (weapon)
Missiles
 e - 5 tomahawks of dispersal
 j - 64 stones (quivered)
Armour
 b - a +1 robe (worn)
Jewellery
 n - a ring of magical power (left hand)
Scrolls
 i - a scroll of magic mapping {unknown}
 l - 2 scrolls of identify {unknown}
Potions
 g - a potion of flight {unknown}
 h - 2 potions of magic {unknown}
 k - a potion of invisibility {unknown}
 m - a potion of brilliance {unknown}
 p - a potion of ambrosia {unknown}
Books
 c - a book of Spatial Translocations

   Spells                             Type                      Level
   a - Apportation                    Translocation                1
   b - Blink                          Translocation                2
   c - Shroud of Golubria             Charms/Translocation         2
   d - Portal Projectile              Translocation                3
   e - Teleport Other                 Translocation                3
   f - Passage of Golubria            Translocation                4
Comestibles
 f - a bread ration
 o - a meat ration
 q - 3 chunks of flesh


   Skills:
 + Level 3.0 Fighting
 * Level 4.0 Maces & Flails
 * Level 1.7 Throwing
 - Level 2.1 Dodging
 * Level 3.3 Spellcasting
 * Level 2.5 Translocations


You had 4 spell levels left.
You knew the following spells:

 Your Spells              Type           Power        Failure   Level  Hunger
a - Apportation           Tloc           #.........   10%         1    #......
b - Blink                 Tloc           N/A          14%         2    ##.....
c - Shroud of Golubria    Chrm/Tloc      #.........   21%         2    ##.....


Dungeon Overview and Level Annotations

Branches:
Dungeon (3/15)

Altars:
Dithmenos

Annotations:
D:3 Natasha


Innate Abilities, Weirdness & Mutations

You are too large for most types of armour.
You have tough skin (AC +1).


Message History

The orc priest is lightly wounded.
The orc priest invokes the aid of Beogh against you.
Something smites you!
* * * LOW HITPOINT WARNING * * *
You hit the orc priest but do no damage.
The orc priest is lightly wounded.
Your shroud begins to fray at the edges.
The orc priest misses you.
Casting: Shroud of Golubria
Confirm with . or Enter, or press ? or * to list all spells.
You renew your shroud.
The orc priest closely misses you.
Drink which item? (? for menu, Esc to quit)
Okay, then.
Read which item? (? for menu, Esc to quit)
Blink to where?
Press: ? - help, Dir - move target cursor
As you read the scroll of blinking, it crumbles to dust.
The orc priest calls down the wrath of Beogh upon you.
Something smites you!
You die...

#.# #.# #.. #.#
#.# #.#
#.#############
#.# #.#
#.............#
#.# #.#
#############.#
#.# #.# #.# #.#
#.# #.# #.# #.##
#.# #.#####...
#@#######†##......
#.......o.##.#####
########.....####
##.........
##########


You could see an orc priest.

Vanquished Creatures
  2 adders
  A worm (D:2)
  A giant gecko (D:1)
  11 bats
  5 giant cockroaches
  5 goblins
  4 hobgoblins (D:1)
  5 kobolds
  3 giant newts
  13 jackals
  8 rats
58 creatures vanquished.

Notes
Turn   | Place    | Note
--------------------------------------------------------------
     0 | D:1      | daftwullie the Ogre Warper began the quest for the Orb.
     0 | D:1      | Reached XP level 1. HP: 22/22 MP: 3/3
   106 | D:1      | Reached XP level 2. HP: 6/29 MP: 5/5
   107 | D:1      | Reached skill level 3 in Maces & Flails
   528 | D:1      | Learned a level 2 spell: Blink
   531 | D:1      | Learned a level 2 spell: Shroud of Golubria
   589 | D:1      | Reached XP level 3. HP: 36/36 MP: 7/7
  1498 | D:2      | Found a shadowy altar of Dithmenos.
  1509 | D:2      | Reached XP level 4. HP: 44/44 MP: 8/8
  1834 | D:3      | Noticed an ogre
  1835 | D:3      | Noticed Natasha
  1976 | D:3      | Reached skill level 4 in Maces & Flails
  2143 | D:3      | Killed from afar by an orc priest

Action                   |  1- 3 |  4- 6 || total
-------------------------+-------+-------++-------
Melee: Mace              |   134 |    69 ||   203
Throw: Stone             |    18 |     8 ||    26
 Cast: Shroud of Golubri |     1 |     5 ||     6
  Use: Scroll            |     2 |     1 ||     3
  Eat: Chunk             |     2 |     2 ||     4
